 Dungeon Crawl Stone Soup version 0.31-a0-1074-g0b22e4e0f1 (webtiles) character file.

Game seed: 16342224094682641210

142 grandjackal the Ducker (level 5, -4/41 HPs)
             Began as a Demonspawn Gladiator on Nov 28, 2023.
             Slain by a gnoll
             ... wielding a +0 halberd
              (10 damage)
             ... on level 4 of the Dungeon.
             The game lasted 00:02:18 (2231 turns).

grandjackal the Ducker (Demonspawn Gladiator)       Turns: 2231, Time: 00:02:20

Health: -4/41      AC:  4    Str: 15    XL:     5   Next: 3%
Magic:  5/5        EV: 13    Int:  9    God:
Gold:   155        SH:  0    Dex: 16    Spells: 4/4 levels left

rFire   . . .        a - +0 long sword
rCold   . . .        (no shield)
rNeg    . . .        b - +0 leather armour
rPois   +            c - +0 helmet
rElec   .            (no cloak)
rCorr   .            (no gloves)
SInv    .            (no boots)
Will    .....        (no amulet)
Stlth   +            j - ring of poison resistance
HPRegen 0.26/turn    (no ring)
MPRegen 0.09/turn

%: no passive effects
@: no status effects
A: claws 1, powered by death 1, spiny 1
a: no special abilities


You were on level 4 of the Dungeon.
You visited 1 branch of the dungeon, and saw 4 of its levels.

You collected 155 gold pieces.

Inventory:

Hand Weapons
 a - a +0 long sword (weapon)
 k - a +0 short sword of flaming
Missiles
 d - 3 throwing nets
 e - a javelin
 h - 2 poisoned darts (quivered)
 m - 3 boomerangs
Armour
 b - a +0 leather armour (worn)
 c - a +0 helmet (worn)
Jewellery
 j - a ring of poison resistance (left claw)
Wands
 o - a wand of paralysis (13)
Scrolls
 f - 3 scrolls of identify {unknown}
 n - a scroll of butterflies {unknown}
Potions
 g - a potion of degeneration {unknown}
 i - a potion of lignification {unknown}
 l - a potion of mutation {unknown}


   Skills:
 + Level 3.3 Fighting
 - Level 3.6 Long Blades
 - Level 2.0 Throwing
 + Level 3.6 Dodging
 * Level 0.0 Unarmed Combat


You had 4 spell levels left.
You didn't know any spells.
Your spell library contained the following spells:

 Spells                   Type           Power      Damage    Failure   Level
 Freeze                   Ice            0%         1d3       45%         1
 Frozen Ramparts          Ice            0%         1d1       83%         3
 Hailstorm                Conj/Ice       0%         3d3       83%         3


Dungeon Overview and Level Annotations

Branches:
Dungeon (4/15)
 Temple: D:4-7

Altars:
Nemelex Xobeh

Shops:
D:1 [


Innate Abilities, Weirdness & Mutations

You have sharp fingernails.
You regenerate a little health from kills.
You are partially covered in sharp spines.


Message History

You feel monstrous as your demonic heritage exerts itself.
Your demonic ancestry asserts itself...
Your fingernails lengthen.
You see here an adder corpse.
A gnoll comes into view. It is wielding a +0 club.
The gnoll shouts!
A gnoll is nearby!
A gnoll comes into view. It is wielding a +0 halberd.
The gnoll shouts!
A gnoll comes into view. It is wielding a +0 flail.
You see here an adder corpse.
The gnoll closely misses you.
You barely miss the gnoll. The gnoll closely misses you. x2
You closely miss the gnoll. The gnoll hits you but does no damage.
The gnoll completely misses you.
You barely miss the gnoll. The gnoll misses you. x2
The gnoll is struck by your spines. The gnoll closely misses you.
The gnoll hits you from afar with a +0 halberd!
You hit the gnoll.
The gnoll is heavily wounded.
The gnoll closely misses you. The gnoll hits you with a +0 club.
You hit the gnoll.
The gnoll is severely wounded.
The gnoll barely misses you. The gnoll hits you but does no damage.
You hit the gnoll but do no damage.
The gnoll is severely wounded.
The gnoll closely misses you. The gnoll hits you with a +0 club.
You barely miss the gnoll.
The gnoll is severely wounded.
The gnoll hits you from afar with a +0 halberd!
* * * LOW HITPOINT WARNING * * *
The gnoll closely misses you.
You hit the gnoll but do no damage.
The gnoll is severely wounded.
A jelly comes into view.
The gnoll hits you from afar with a +0 halberd.
* * * LOW HITPOINT WARNING * * *
The gnoll is struck by your spines. The gnoll barely misses you.
The gnoll hits you from afar with a +0 halberd!
You die...

######### #.......#
...########.#####.#
###
#J.ggg@.†...††...#
#.#
#########..#.###)#
#.# #..#.# #.# #.#
#..#.###.# #..
#........# ###
#.###.##.# #
#.###.##.# ##
......>..#####.
..............


You could see a jelly (wandering) and 3 gnolls.

Vanquished Creatures
  A scorpion (D:4)
  2 adders
  A worm (D:3)
  A dart slug (D:4)
  An orc (D:4)
  8 ball pythons
  5 bats
  6 endoplasms
  4 goblins
  6 hobgoblins
  6 jackals
  A quokka (D:3)
  4 frilled lizards
  8 kobolds
  3 rats (D:1)
57 creatures vanquished.

Notes
Turn   | Place    | Note
-------+----------+-------------------------------------------
     0 | D:1      | grandjackal the Demonspawn Gladiator began the quest for
                  | the Orb.
     0 | D:1      | Reached XP level 1. HP: 16/16 MP: 1/1
   102 | D:1      | Gained mutation: You are partially covered in sharp spines.
                  | [demonic ancestry]
   102 | D:1      | Reached XP level 2. HP: 12/22 MP: 2/2
   348 | D:1      | Found a faded altar of an unknown god.
   433 | D:1      | Found Jato's Antique Armour Emporium.
   729 | D:2      | Reached XP level 3. HP: 28/28 MP: 3/3
  1793 | D:3      | Gained mutation: You regenerate a little health from kills.
                  | [demonic ancestry]
  1793 | D:3      | Reached XP level 4. HP: 34/34 MP: 4/4
  1837 | D:3      | Found a sparkling altar of Nemelex Xobeh.
  2200 | D:4      | Noticed a scorpion
  2207 | D:4      | Killed a scorpion
  2217 | D:4      | Discovered your monstrous ancestry.
  2217 | D:4      | Gained mutation: You have sharp fingernails. [demonic
                  | ancestry]
  2217 | D:4      | Reached XP level 5. HP: 41/41 MP: 5/5
  2231 | D:4      | Slain by a gnoll

Illustrated notes

Levels and vault maps discovered:
D:1:      ebering_hopf_link, layout_rooms, serial_shops,
          nicolae_shop_window_shopping, shapermc_ecumenical_altar_ellora,
          hangedman_abyss_or_decor_lesser_grid
D:2:      layout_basic, chequers_decorated_corner, grunt_ministairs_15
D:3:      layout_basic, lemuel_doored_altar, minmay_misc_feat_room
D:4:      minmay_recursive_quarters, layout_loops_corners,
          makhleb_heckhound_becter, serial_shops, kennysheep_little_box

Skill      XL: |  1  2  3  4 |
---------------+-------------+-----
Throwing       | 2 |  2.0
Dodging        | 3 |  3.6
Long Blades    | 3 |  3.6
Fighting       | 3 |  3.3

Action                     |  1- 3 |  4- 6 || total
---------------------------+-------+-------++-------
  Melee: Long sword        |    87 |    21 ||   108
  Throw: Dart              |       |     2 ||     2
   Stab: Sleeping          |     3 |       ||     3
 Armour: Leather armour    |    36 |    12 ||    48
  Dodge: Dodged            |    51 |    21 ||    72

Table legend: (Time is in decaauts)
 A = Elapsed time spent in this place.
 B = Non-inter-level travel time spent in this place.
 C = Inter-level travel time spent in this place.
 D = Time resting spent in this place.
 E = Time spent auto-exploring this place.
 F = Levels seen in this place.
 G = Mean time per level.
                   A        B        C        D        E       F      G
               +--------+--------+--------+--------+--------+-----+--------+
         Total |   2256 |   2180 |     76 |     71 |   1782 |   4 |  564.0 |
       Dungeon |   2256 |   2180 |     76 |     71 |   1782 |   4 |  564.0 |
               +--------+--------+--------+--------+--------+-----+--------+

Top non-repeatable levels by time:
     D:2: 958 daAuts
     D:1: 594 daAuts
     D:3: 513 daAuts
     D:4: 189 daAuts
